 Dungeon Crawl Stone Soup version 0.29.1-15-g9cfb28693d (webtiles) character file.

Game seed: 2091843568585693182

935 sizableburger the Chopper (level 7, 0/63 HPs)
             Began as a Black Draconian Warper on Apr 10, 2023.
             Was an Initiate of Kikubaaqudgha.
             Shot with a bolt by an orc warrior (11 damage)
             ... on level 5 of the Dungeon.
             The game lasted 00:10:23 (5447 turns).

sizableburger the Chopper (Black Draconian Warper)  Turns: 5447, Time: 00:10:24

Health: 0/63       AC:  8    Str: 13    XL:     7   Next: 87%
Magic:  0/10       EV: 12    Int: 16    God:    Kikubaaqudgha [......]
Gold:   204        SH:  0    Dex: 10    Spells: 5/10 levels left

rFire   + . .      SeeInvis .   a - +1 hand axe (elec)
rCold   . . .      Faith    .   (no shield)
rNeg    . . .      Spirit   +   (body armour unavailable)
rPois   .          Reflect  .   (helmet restricted)
rElec   +          Harm     .   (no cloak)
rCorr   .          Rampage  .   (no gloves)
Will    .....                   s - +1 pair of boots
Stlth   +.........              j - amulet of guardian spirit
HPRegen 0.20/turn               m - ring of protection from fire
MPRegen 0.12/turn               (no ring)

@: short of breath
A: breathe lightning, AC +6, unfitting armour, electricity resistance,
cold-blooded
a: Breathe Lightning, Renounce Religion


You were on level 5 of the Dungeon.
You worshipped Kikubaaqudgha.
Kikubaaqudgha was noncommittal.
You visited 2 branches of the dungeon, and saw 6 of its levels.

You collected 204 gold pieces.

Inventory:

Hand Weapons
 a - a +1 hand axe of electrocution (weapon)
Missiles
 c - 7 boomerangs of dispersal (quivered)
Armour
 s - a +1 pair of boots (worn)
Jewellery
 j - an amulet of guardian spirit (around neck)
 m - a ring of protection from fire (left hand)
 p - an amulet of the acrobat
Wands
 v - a wand of flame (13)
Scrolls
 b - 3 scrolls of blinking
 g - 2 scrolls of enchant weapon
 i - a scroll of teleportation
 k - a scroll of fear
 q - 3 scrolls of identify
 u - a scroll of amnesia
Potions
 d - a potion of cancellation
 e - a potion of attraction {unknown}
 f - a potion of invisibility {unknown}
 h - 3 potions of brilliance {unknown}
 l - a potion of berserk rage {unknown}
 n - 2 potions of flight {unknown}
 r - 2 potions of heal wounds
 t - 2 potions of curing


   Skills:
 - Level 6.0 Fighting
 + Level 6.2 Axes
 - Level 1.0 Throwing
 + Level 3.4 Dodging
 - Level 2.0 Spellcasting
 + Level 0.3 Necromancy
 - Level 4.1 Translocations


You had 5 spell levels left.
You knew the following spells:

 Your Spells              Type           Power      Damage    Failure   Level
a - Blink                 Tloc           28%        N/A       6%          2
b - Lesser Beckoning      Tloc           14%        N/A       12%         3

Your spell library contained the following spells:

 Spells                   Type           Power      Damage    Failure   Level
 Gell's Gravitas          Tloc           14%        N/A       12%         3
 Teleport Other           Tloc           14%        N/A       12%         3
 Sublimation of Blood     Necr           2%         N/A       26%         2
 Confusing Touch          Hex            1%         N/A       52%         3
 Manifold Assault         Tloc           14%        N/A       71%         5
 Animate Dead             Necr           2%         N/A       87%         4
 Airstrike                Air            0%         2d(1-17)  90%         4
 Petrify                  Tmut/Erth      1%         N/A       90%         4
 Summon Lightning Spire   Summ/Air       1%         N/A       90%         4
 Borgnjor's Vile Clutch   Necr/Erth      1%         N/A       99%         5
 Irradiate                Conj/Tmut      0%         3d11      99%         5
 Lightning Bolt           Conj/Air       0%         1d11      99%         5
 Yara's Violent Unravell  Hex/Tmut       0%         3d3       99%         5
 Death Channel            Necr           1%         N/A       100%        6
 Enfeeble                 Hex            0%         N/A       100%        7


Dungeon Overview and Level Annotations

Branches:
Dungeon (5/15)             Temple (1/1) D:5

Altars:
Cheibriados
Dithmenos
Fedhas
Hepliaklqana
Kikubaaqudgha
Nemelex Xobeh
Qazlal
Ru
Trog
Wu Jian
Xom
Zin
The Shining One

Shops:
D:4 !   D:5 !

Annotations:
D:2 1 runed translucent door, Crazy Yiuf
D:3 Grinder
D:5 1 runed translucent door, CrimsonVi's ghost, amateur HOFi


Innate Abilities, Weirdness & Mutations

You can breathe wild blasts of lightning.
Your glossy black scales are hard. (AC +6)
You cannot fit into any form of body armour.
You are resistant to electric shocks. (rElec)
You are cold-blooded and may be slowed by cold attacks.


Message History

The centaur misses you. The centaur hits you. The centaur kicks you.
You hit the centaur.
The centaur is lightly wounded.
The centaur barely misses you.
The centaur kicks you but does no damage.
The orc warrior shoots a bolt.
The bolt misses you.
You hear a shout!
You hit the centaur.
The centaur is moderately wounded.
The centaur hits you.
The centaur kicks you but does no damage.
The centaur hits you.
The centaur kicks you but does no damage.
The orc warrior shoots a bolt.
The bolt hits you.
The centaur wields a +1 shortbow of flaming.
It bursts into flame!
The centaur shoots an arrow.
The arrow completely misses you.
The orc warrior attacks as you move away!
The orc warrior unwields a +0 arbalest.
The orc warrior wields a +0 war axe.
The orc warrior hits you with a +0 war axe.
The centaur shoots an arrow.
The arrow closely misses you.
The centaur shoots an arrow.
The arrow hits you.
Aiming: Throw Flame
Press: ? - help, Shift-Dir - straight line, f - centaur
Aim: a centaur, wielding a +1 shortbow of flaming (moderately wounded, 81% to hit)
The puff of flame hits the centaur.
The centaur is heavily wounded.
The orc warrior unwields a +0 war axe.
The orc warrior wields a +0 arbalest.
The orc warrior shoots a bolt.
The bolt hits you!
The centaur shoots an arrow.
The arrow hits you!
Activating: Breathe Lightning (5% risk of failure)
Press: ? - help, Dir - look around, f - activate You breathe a wild blast of lightning!
The orb of electricity explodes!
The orb of electricity engulfs you! You resist.
* * * LOW HITPOINT WARNING * * *
The orb of electricity engulfs the orc warrior but does no damage.
You hear a mighty clap of thunder!
The orc warrior shoots a bolt.
The bolt hits you!
You die...
Kikubaaqudgha rasps: "You have failed me!
Welcome... death!"

*,,*,.......#.>...........# #
*,,*,....#######.###..##### #
*,,*,.....,,#....###..########
*,,*,......,#................#
*,,,,.......#.#.####..######..
*,,,,,,.........##8...8## ###
*,,,,,*#..#.##.##.......# #
*,,,*****,#.#..##.<.∩.>.# #
*,,,,,,,,,.,#@###.......# #
**,,**###.###.# ##8#.#8## #
*,,*,......oc#**###.#.#
*,,*,##...........#.#.#
*,,*,.......[.........#
*,,,,........####.#.###
**,*,.........,,,,..#
*,,,........#***,,,*
*,*,.#.#.#...,,,,*,**


You could see an orc warrior and a centaur.

Vanquished Creatures
  Sigmund (D:4)
  Menkaure (D:5)
  An ogre (D:5)
  A centaur (D:4)
  Blork the orc (D:4)
  A howler monkey (D:5)
  A jelly (D:5)
  An orc priest (D:4)
  2 iguanas (D:4)
  3 orc wizards
  Robin (D:4)
  7 adders
  3 gnolls (D:4)
  An ufetubus (D:4)
  A dart slug (D:2)
  9 orcs
  11 endoplasms
  9 giant cockroaches
  11 goblins
  10 hobgoblins
  7 jackals (D:3)
  A quokka (D:1)
  5 ball pythons
  4 bats
  2 frilled lizards
  7 kobolds
  7 rats
109 creatures vanquished.

Notes
Turn   | Place    | Note
-------+----------+-------------------------------------------
     0 | D:1      | sizableburger the Draconian Warper began the quest for the
                  | Orb.
     0 | D:1      | Reached XP level 1. HP: 17/17 MP: 3/3
    56 | D:1      | Reached skill level 1 in Throwing
    75 | D:1      | Found a faded altar of an unknown god.
   162 | D:1      | Reached XP level 2. HP: 23/25 MP: 5/5
  1156 | D:2      | Learned a level 2 spell: Blink
  1306 | D:2      | Found an ornate altar of the Wu Jian Council.
  1437 | D:2      | Reached XP level 3. HP: 30/31 MP: 4/6
  1504 | D:2      | Identified the +2 robe of Lugonu's Condemnation {Harm
                  | *Corrode rF+ Str+2}
  1962 | D:2      | Found a runed translucent door.
  1963 | D:2      | Noticed Crazy Yiuf
  2005 | D:2      | Reached XP level 4. HP: 37/39 MP: 7/7
  2203 | D:2      | Learned a level 3 spell: Lesser Beckoning
  2702 | D:3      | Noticed Grinder
  2702 | D:3      | Paralysed by Grinder for 2 turns
  2846 | D:4      | Noticed Blork the orc
  3088 | D:4      | Found a shimmering altar of Xom.
  3114 | D:4      | Noticed a centaur
  3126 | D:4      | Killed a centaur
  3127 | D:4      | Reached XP level 5. HP: 38/47 MP: 6/8
  3333 | D:4      | Noticed Sigmund
  3344 | D:4      | Reached skill level 5 in Fighting
  3405 | D:4      | Killed Sigmund
  3406 | D:4      | Reached skill level 5 in Axes
  3406 | D:4      | Reached XP level 6. HP: 48/56 MP: 3/9
  3667 | D:4      | Killed Blork the orc
  3699 | D:4      | Your scales start taking on a glossy black colour.
  3699 | D:4      | Reached XP level 7. HP: 52/63 MP: 7/10
  3699 | D:4      | Gained mutation: You are resistant to electric shocks.
                  | (rElec) [Black Draconian growth]
  3816 | D:4      | Noticed Robin
  3827 | D:4      | Killed Robin
  3883 | D:4      | Found Yfag's Distillery.
  3999 | D:4      | Found an ornate altar of the Wu Jian Council.
  4646 | D:3      | Identified the +4 helmet of Benevolence {+Inv rPois}
  4873 | D:5      | Entered Level 5 of the Dungeon
  4999 | D:5      | Found Mutatuj's Distillery.
  5028 | D:5      | Found a staircase to the Ecumenical Temple.
  5044 | Temple   | Entered the Ecumenical Temple
  5151 | D:5      | Found a runed translucent door.
  5154 | D:5      | Noticed CrimsonVi's ghost (amateur HOFi)
  5220 | D:5      | Found an ancient bone altar of Kikubaaqudgha.
  5222 | D:5      | Noticed Menkaure
  5228 | D:5      | Killed Menkaure
  5247 | D:5      | Became a worshipper of Kikubaaqudgha
  5447 | D:5      | Shot with a bolt by an orc warrior

Illustrated notes

Levels and vault maps discovered:
D:1:      dpeg_arrival_boxes_within_box, layout_basic, basic_ecumenical_altar,
          minmay_box_of_dots
D:2:      layout_rooms, basic_altar, minmay_guardbox, uniq_crazy_yiuf_cottage
D:3:      layout_basic, uniq_grinder
D:4:      layout_layer_cave, mainiacjoe_overflow_alcove_2, xom_butterflies,
          portal_sewer_entry_d, serial_shops, shop, uniq_blork_the_orc,
          uniq_robin, uniq_sigmund
D:5:      layout_loops_ring, kiku_gazebo_garden_becter,
          minmay_temple_entry_overgrown, serial_shops, nicolae_stop_n_shop_2,
          serial_glass, glass_columns_a, glass_columns_c,
          ebering_ghost_reflecting_pool, chequers_hall_statues_y, uniq_menkaure
Temple:   nicolae_temple_ecumenical_triangle

Skill      XL: |  1  2  3  4  5  6  7 |
---------------+----------------------+-----
Throwing       | 1 |  1.0
Fighting       | 3 4 5 6 |  6.0
Axes           | 3 4 5 6 |  6.2
Dodging        | 3 |  3.4
Translocations | 4 |  4.1
Spellcasting   | |  2.0
Necromancy     | |  0.3

Action                   |  1- 3 |  4- 6 |  7- 9 || total
-------------------------+-------+-------+-------++-------
Melee: Hand axe          |   125 |   123 |   100 ||   348
       Tailslap          |    13 |    16 |    16 ||    45
       Punch             |       |     1 |     1 ||     2
 Cast: Blink             |     1 |     2 |       ||     3
 Abil: Breathe Lightning |       |       |     4 ||     4
Evoke: Wand              |       |       |     5 ||     5
  Use: Scroll            |       |     9 |     1 ||    10
       Potion            |       |     1 |       ||     1
 Stab: Sleeping          |       |     1 |       ||     1
Armor: Skin              |    44 |    56 |    44 ||   144
Dodge: Dodged            |    78 |    93 |    64 ||   235
